 Dungeon Crawl Stone Soup version 0.31-a0-1309-gbf3fed316f (webtiles) character file.

Game seed: 15437988323862559330

67 Ajdolov the Changeling (level 4, -1/21 HPs)
             Began as a Vine Stalker Shapeshifter on Dec 20, 2023.
             Slain by an iguana (6 damage)
             ... on level 3 of the Dungeon.
             The game lasted 00:02:50 (1616 turns).

Ajdolov the Changeling (Vine Stalker Shapeshifter)  Turns: 1616, Time: 00:02:51

Health: -1/21      AC:  6    Str: 16    XL:     4   Next: 16%
Magic:  0/5        EV:  9    Int: 10    God:
Gold:   87         SH:  0    Dex: 16    Spells: 3/3 levels left

rFire   . .          .
                       - Unarmed
rCold   . . .        (no shield)
rNeg    . . .        k - +0 scale mail
rPois   .            (helmet currently unavailable)
rElec   .            (cloak currently unavailable)
rCorr   .            (gloves currently unavailable)
SInv    .            (boots currently unavailable)
Will    .....        (no amulet) Stlth
                     (no ring)
HPRegen 1.03/turn    (no ring)
MPRegen 0.09/turn

%: guardian spirit
@: beast-form
A: beast (slay +2), fangs 2, regeneration 1, magic shield, antimagic bite, no
potion heal 2
a: Begin Untransformation


You were on level 3 of the Dungeon.
You were a hulking beast.
You visited 1 branch of the dungeon, and saw 3 of its levels.

You collected 87 gold pieces.

Inventory:

Armour
 a - a +0 animal skin
 f - a +0 pair of gloves
 k - a +0 scale mail (worn)
 o - a +0 pair of boots
Jewellery
 r - an amulet of faith
Talismans
 c - a beast talisman
 d - a flux talisman
Wands
 p - a wand of polymorph (2)
Scrolls
 e - 4 scrolls of blinking {unknown}
 g - 3 scrolls of teleportation {unknown}
 h - a scroll of noise {unknown}
 j - a scroll of identify {unknown}
 m - a scroll of fear {unknown}
 n - a scroll of revelation {unknown}
Potions
 b - a potion of lignification
 i - a potion of mutation {unknown}
 l - a potion of magic {unknown}
 q - a potion of haste {unknown}


   Skills:
 - Level 0.8 Fighting
 - Level 1.5 Dodging
 - Level 3.0 Unarmed Combat
 * Level 4.6 Shapeshifting


You had 3 spell levels left.
You didn't know any spells.
Your spell library contained the following spells:

 Spells                   Type           Power      Damage    Failure   Level
 Apportation              Tloc           0%         N/A       82%         1
 Jinxbite                 Hex            0%         N/A       91%         2
 Call Canine Familiar     Summ           0%         N/A       99%         3
 Sigil of Binding         Hex            0%         N/A       99%         3
 Dimensional Bullseye     Hex/Tloc       0%         N/A       100%        4
 Alistair's Intoxication  Tmut/Pois      0%         N/A       100%        5


Dungeon Overview and Level Annotations

Branches:
Dungeon (3/15)

Altars:
Fedhas
Xom

Shops:
D:2 (


Innate Abilities, Weirdness & Mutations

You are a hulking beast.
Your limbs bulge with bestial killing power. (Slay +2)
You have extremely sharp teeth.
Your natural rate of healing is unusually fast.
When hurt, damage is shared between your health and your magic reserves.
Your bite disrupts and absorbs the magic of your enemies.
Potions cannot restore your health.


Message History

No target in view!
r - an amulet of faith
Found a shimmering altar of Xom.
Found a stone staircase leading up.
Found a leather armour.
Found a stone staircase leading down.
Found a long sword.
e - 4 scrolls labelled KOHAVATURO (gained 1)
You now have 87 gold pieces (gained 14).
A kobold comes into view. It is wielding a +0 dagger.
An iguana comes into view.
The iguana hisses angrily.
Found a stone staircase leading down.
You hit the kobold. Your bite misses the kobold.
The kobold is severely wounded.
The kobold hits you but does no damage.
You hit the kobold.
You kill the kobold!
Found a smoky purple potion.
The iguana closely misses you.
Things that are here:
a +0 dagger; 4 stones; a kobold corpse You barely miss the iguana.
You bite the iguana, but do no damage. The iguana bites you.
You closely miss the iguana. You bite the iguana. You drain its power.
You feel invigorated.
The iguana is lightly wounded.
The iguana bites you!
You barely miss the iguana.
The iguana is lightly wounded.
The iguana bites you!
* * * LOW HITPOINT WARNING * * *
You are too injured to fight recklessly!
You are too injured to fight recklessly!
You barely miss the iguana. You bite the iguana. You drain its power.
You feel invigorated.
The iguana is moderately wounded.
The iguana bites you but does no damage.
You hit the iguana. Your bite misses the iguana.
The iguana is heavily wounded.
The iguana bites you!
You die...

#.##...#######
###.#.....##
..........##
##.........#
##.......## .
##.....## ...##
##....#
......####..#.#
......lh......#
!>....####.##.#
...#. #.##.# .
# #.##.# #.# .#
... ... ...


You could see an iguana.

Vanquished Creatures
  2 adders
  A dart slug (D:1)
  7 endoplasms
  A giant cockroach (D:1)
  8 goblins
  6 hobgoblins
  A jackal (D:1)
  A quokka (D:1)
  4 ball pythons
  2 bats (D:1)
  A frilled lizard (D:1)
  3 kobolds
  4 rats
41 creatures vanquished.

Notes
Turn   | Place    | Note
-------+----------+-------------------------------------------
     0 | D:1      | Ajdolov the Vine Stalker Shapeshifter began the quest for
                  | the Orb.
     0 | D:1      | Reached XP level 1. HP: 9/9 MP: 2/2
    97 | D:1      | Reached XP level 2. HP: 12/14 MP: 0/3
   234 | D:1      | Found a faded altar of an unknown god.
   327 | D:1      | Reached XP level 3. HP: 15/17 MP: 4/4
   438 | D:1      | Reached skill level 4 in Shapeshifting
  1056 | D:2      | Found a blossoming altar of Fedhas.
  1125 | D:2      | Found Yrew's Antique Weapon Boutique.
  1438 | D:2      | Reached XP level 4. HP: 19/21 MP: 5/5
  1548 | D:3      | Found a shimmering altar of Xom.
  1616 | D:3      | Slain by an iguana

Illustrated notes

Levels and vault maps discovered:
D:1:      heliophobic_arrival_ceremonial_halls, layout_loops_corners,
          hellmonk_ecumenical_altar_pennies_from_heaven, st_stairs_11,
          minivault_27
D:2:      layout_rooms, serial_shops, shop, basic_altar, grunt_ministairs_12
D:3:      layout_loops_ring, grunt_temple_overflow_open,
          kennysheep_generic_room_8

Skill      XL: |  1  2  3 |
---------------+----------+-----
Shapeshifting  | 4 |  4.6
Fighting       | |  0.8
Dodging        | |  1.5
Unarmed Combat | |  3.0

Action                     |  1- 3 |  4- 6 || total
---------------------------+-------+-------++-------
  Melee: Unarmed           |    94 |    13 ||   107
         Bite              |    19 |     5 ||    24
         Punch             |       |     1 ||     1
   Stab: Sleeping          |     3 |       ||     3
 Armour: Animal skin       |    26 |       ||    26
         Scale mail        |    14 |    12 ||    26
  Dodge: Dodged            |    41 |     3 ||    44

Table legend: (Time is in decaauts)
 A = Elapsed time spent in this place.
 B = Non-inter-level travel time spent in this place.
 C = Inter-level travel time spent in this place.
 D = Time resting spent in this place.
 E = Time spent auto-exploring this place.
 F = Levels seen in this place.
 G = Mean time per level.
                   A        B        C        D        E       F      G
               +--------+--------+--------+--------+--------+-----+--------+
         Total |   1610 |   1552 |     58 |      0 |   1219 |   3 |  536.7 |
       Dungeon |   1610 |   1552 |     58 |      0 |   1219 |   3 |  536.7 |
               +--------+--------+--------+--------+--------+-----+--------+

Top non-repeatable levels by time:
     D:1: 962 daAuts
     D:2: 562 daAuts
     D:3: 85 daAuts
